 Dungeon Crawl Stone Soup version 0.20-a0-1109-ge3cd172 (console) character file.

16 nht the Ruffian (level 2, -2/39 HPs)
             Began as a Centaur Chaos Knight on May 5, 2017.
             Engulfed by Sigmund's steam (7 damage)
             ... on level 2 of the Dungeon.
             The game lasted 00:02:01 (883 turns).

nht the Ruffian (Centaur Chaos Knight)               Turns: 883, Time: 00:02:02

Health: -2/39      AC: 21    Str: 14    XL:     2   Next: 37%
Magic:  2/2        EV:  1    Int: 16    God:    Xom [..*...]
Gold:   44         SH:  0    Dex:  8    Spells: 1/1 levels left

rFire    . . .     SeeInvis .     - Unarmed
rCold    + . .     Gourm    .   (no shield)
rNeg     + + +     Faith    .   (armour currently unavailable)
rPois    +         Spirit   .   (helmet currently unavailable)
rElec    .         Reflect  .   (cloak currently unavailable)
rCorr    .         Harm     .   (gloves currently unavailable)
MR       .....     NoTele   +   (no barding)
Stlth    +.........             (no amulet)
Regen    0.2/turn               d - ring of protection from cold
MPRegen  0.1/turn               f - ring of flight

@: brilliant, tree-form, hasted and slowed, drained, very slow
A: no striking features
a: Renounce Religion


You were on level 2 of the Dungeon.
You worshipped Xom.
You were a toy of Xom.
You were not hungry.
You were a tree.
You visited 1 branch of the dungeon, and saw 2 of its levels.

You collected 44 gold pieces.

Inventory:

Missiles
 e - 7 tomahawks of returning (quivered)
Armour
 a - a +2 leather armour (melded)
Jewellery
 d - a ring of protection from cold (left branch)
 f - a ring of flight (right branch)
Potions
 j - a potion of cancellation
Comestibles
 b - 2 bread rations
 g - a chunk of flesh
 i - a meat ration
 l - a royal jelly


   Skills:
 - Level 3.0(2.5) Fighting
 - Level 1.3(1.0) Armour
 - Level 0.6(0.2) Dodging
 + Level 3.8(3.4) Unarmed Combat


You had one spell level left.
You didn't know any spells.

Dungeon Overview and Level Annotations

Branches:
Dungeon (2/15)

Altars:
Yredelemnul
The Shining One

Annotations:
D:2 Sigmund


Innate Abilities, Weirdness & Mutations

((You have hooves in place of feet.))
((Armour fits poorly on your strangely shaped body.))
((You cover ground very quickly.))
((You have extremely tough skin. (AC +3)))


Message History

The magic dart hits you!
You feel a strong urge to attack something.
Sigmund is engulfed in a cloud of scalding steam.
Sigmund gestures at you while chanting. The puff of flame hits you!
* * * LOW HITPOINT WARNING * * *
You feel your anger subside.
You are engulfed in a cloud of scalding steam.
* * * LOW HITPOINT WARNING * * *
You are no longer berserk.
You are exhausted.
You feel yourself slow down.
Okay, then.
Drop what? 9/52 slots (_ for help) (? for menu, Esc to quit)
Okay, then.
You are engulfed in a cloud of scalding steam.
The plant is engulfed in a cloud of scalding steam.
You are engulfed in a cloud of scalding steam.
You die...
Xom giggles madly!

......).......█.
...█<........██
...██...█...██
....█████████ .....█
.....█ .....█ █
.....█████ ██♣≈♣♣♣♣█
.........███ █♣§P≈≈≈≈≈
.....███...█ █♣≈§§≈≈≈≈
....██ ███.█████ P§§§≈≈≈
....g██ █.....♣≈P≈≈@≈≈≈
████..██ ███..♣≈≈≈P≈≈≈≈≈
██..█████..≈≈≈..≈≈≈P≈
██....g.....≈.....≈.
........................
█████████...≈≈≈≈≈≈..


You could see Sigmund.

Vanquished Creatures
  A worm (D:2)
  A ball python (D:1)
  A bat (D:1)
  2 giant cockroaches
  A goblin (D:1)
  2 hobgoblins
  A frilled lizard (D:1)
  2 kobolds
  A rat (D:1)
12 creatures vanquished.

Notes
Turn   | Place    | Note
-------+----------+-------------------------------------------
     0 | D:1      | nht the Centaur Chaos Knight began the quest for the Orb.
     0 | D:1      | Reached XP level 1. HP: 19/19 MP: 1/1
    13 | D:1      | XOM: silly message
   210 | D:1      | XOM: harmless Erth miscast
   341 | D:1      | Reached XP level 2. HP: 26/26 MP: 2/2
   358 | D:1      | Found a glowing golden altar of the Shining One.
   648 | D:2      | Noticed Sigmund
   704 | D:2      | Found a basalt altar of Yredelemnul.
   814 | D:2      | XOM: harmless Summ miscast
   862 | D:2      | XOM: smoke on damage
   876 | D:2      | XOM: potion effect (brilliance)
   877 | D:2      | XOM: potion effect (berserk rage)
   883 | D:2      | Engulfed by Sigmund's steam

Vault maps used:
D:1:      dpeg_chamrin_arrival_tetris, hex_tiny, tso_metal_star
D:2:      minitemple, old_standard_altar, first_bread, serial_bayou_ford_a,
          uniq_crazy_yiuf_cottage, uniq_sigmund

Action                   || total
-------------------------++-------
Melee: Unarmed           ||    56
       Kick              ||    11
       Punch             ||     1
  Use: Scroll            ||     8
       Potion            ||     3
Armor: Leather armour    ||    21
       Skin              ||     7
Dodge: Dodged            ||    19
